 Dungeon Crawl Stone Soup version bcrawl-1.13.1 (webtiles) character file.

Game seed: 294926884833322092

12519 Chiseanne the Cruncher (level 11, -2/86 HPs)
             Began as a Green Draconian Archaeologist on Aug 1, 2019.
             Was an Initiate of Gozag.
             Hit by a large rock thrown by a cyclops (32 damage)
             ... on level 10 of the Dungeon on Aug 2, 2019.
             The game lasted 00:29:27 (10212 turns).

Chiseanne the Cruncher (DrAc)                      Turns: 10212, Time: 00:29:27

Health: -2/86      AC: 11    Str: 13    XL:     11   Next: 63%
Magic:  16/16      EV: 18    Int: 15    God:    Gozag
Gold:   92         SH:  0    Dex: 28    Spells: 17/17 levels left

rFire    . . .     SeeInvis .   a - +7 quarterstaff "Qaen" {flame, Dex+9 Stlth-}
rCold    . . .     Gourm    .   (shield currently unavailable)
rNeg     . . .     Faith    .   (armour unavailable)
rPois    +         Spirit   .   b - +2 hat
rElec    .         Reflect  .   (no cloak)
rCorr    .         Harm     .   (no gloves)
MR       .....                  c - +1 pair of boots
Stlth    ++........             (no amulet)
HPRegen  0.24/turn              I - +4 ring of dexterity
MPRegen  0.15/turn              h - +1 ring of slaying

@: gold aura
A: breathe noxious fumes, unfitting armour, stinger 1, talons 1, agile 1, poison
resistance, cold-blooded, AC +7
a: Breathe Noxious Fumes, Potion Petition, Call Merchant, Bribe Branch, Renounce
Religion


You were on level 10 of the Dungeon.
You worshipped Gozag.
Gozag was noncommittal.
You were full.

You visited 2 branches of the dungeon, and saw 11 of its levels.
You also visited: Ossuary.

You collected 2976 gold pieces.
You spent 1375 gold pieces at shops.
You paid 1509 gold pieces to Gozag.

Inventory:

Hand Weapons
 a - the +7 quarterstaff "Qaen" (weapon) {flame, Dex+9 Stlth-}
   (You bought it in a shop on level 7 of the Dungeon)

   It has been specially enchanted to burn those struck by it, causing extra
   injury to most foes and up to half again as much damage against particularly
   susceptible opponents.
   It affects your dexterity (+9).
   It makes you less stealthy.
 s - the +3 Elemental Staff {rElec rF++ rC++ MR++ AC+5}

   It affects your AC (+5).
   It greatly protects you from fire.
   It greatly protects you from cold.
   It insulates you from electricity.
   It affects your resistance to hostile enchantments.
Missiles
 e - 279 poisoned needles
 i - 1442 arrows
 k - 491 bolts
 v - 294 tomahawks (quivered)
 K - 2 throwing nets {!f}
Armour
 b - a +2 hat (worn)
 c - a +1 pair of boots (worn)
Jewellery
 h - a +1 ring of slaying (right hand)
 l - an uncursed ring of resist corrosion
 B - an uncursed ring of see invisible
 I - a +4 ring of dexterity (left hand)
 J - a +4 ring of intelligence
Wands
 d - a wand of enslavement (9)
 y - a wand of paralysis (5)
Scrolls
 n - 3 scrolls of teleportation
 o - 5 scrolls of blinking
 p - a scroll of magic mapping
 r - 2 scrolls of amnesia
 z - 2 scrolls of remove curse
 C - 2 scrolls of enchant armour
 F - 2 scrolls of fear
Potions
 g - 2 potions of heal wounds
 j - a potion of flight
 m - 3 potions of resistance
 q - a potion of invisibility
 t - a potion of lignification
 u - 2 potions of cancellation
 w - a potion of berserk rage
 x - a potion of agility
 A - a potion of mutation
 D - 4 potions of ambrosia
 E - 3 potions of curing
 G - 2 potions of haste
 H - a potion of magic
Comestibles
 f - 12 rations {!d}


   Skills:
 - Level 5.1 Fighting
   Level 1.0(9.3) Maces & Flails
 - Level 13.9(14.0) Staves
 * Level 4.9 Throwing
 * Level 5.8 Dodging
 - Level 3.0 Stealth
 * Level 3.9 Spellcasting
 - Level 7.7 Evocations


You had 17 spell levels left.
You didn't know any spells.
Your spell library contained the following spells:

 Spells                   Type           Power        Failure   Level  Hunger
 Animate Skeleton         Necr           N/A          19%         1    None
 Pain                     Necr           #...         19%         1    None
 Regeneration             Chrm/Necr      #.........   50%         3    ###....
 Vampiric Draining        Necr           #.........   50%         3    ###....
 Animate Dead             Necr           N/A          88%         4    ####...
 Bolt of Draining         Conj/Necr      #.........   99%         5    ######.


Dungeon Overview and Level Annotations

Branches:
Dungeon (10/12)            Temple (1/1) D:5            Lair (0/6) D:7
    Orc (0/1) D:8

Altars:
Ashenzari
Cheibriados
Dithmenos
Elyvilon
Gozag
Lugonu
Nemelex Xobeh
Okawaru
Qazlal
Ru
Sif Muna
Trog
Wu Jian
Xom
The Shining One
Jiyva

Shops:
D:4 *   D:6 %   D:7 (   D:10 =


Innate Abilities, Weirdness & Mutations

You can breathe blasts of noxious fumes.
Your lurid green scales are hard. (AC +7)
You cannot fit into any form of body armour.
Your system is resistant to poisons. (rPois)
You are cold-blooded and may be slowed by cold attacks.
Your tail ends in a poisonous barb.
You have sharp toenails.
You are agile. (Dex +2)


Message History

Aim: a kobold, wielding a +0 dagger Attack!
The kobold barely misses your big kobold.
Your big kobold barely misses the kobold.
You swap places.
The kobold misses you.
You hit the kobold. You burn the kobold.
You kill the kobold!
You swap places.
Your big kobold hits the cyclops but does no damage.
Your big kobold hits the cyclops.
The cyclops throws a large rock.
The large rock hits your big kobold!!!
Your big kobold dies!
Evoke which item? (* to show all) (? for menu, Esc to quit)
Aiming: Paralyse
Press: ? - help, Shift-Dir - straight line, f - cyclops
Aim: a cyclops (lightly wounded, chance to defeat MR: 50%)
The cyclops resists with significant effort.
The cyclops throws a large rock.
The large rock hits you!!
You die...
Your body crumbles into a pile of gold.

.# #.# #.# #.# ######## #.#
.......########### #.#
.............C$$.#####.#
.......#########@#.....######
.......# #.#.###......#
....KK.# ####'#...#.####.#
.......# #......#.#.#..#.#
.......# #......#.#.#∩.#.#
.......# #......# #.#<.#.#
........ #....... #.#.##.#
......C.. ####.#.###.#....#
...####... #.#.# #.######


You could see a cyclops.

Vanquished Creatures
  Harold (D:8)
  5 two-headed ogres
  An ogre mage (D:9)
  Erica (D:8)
  2 trolls
  Prince Ribbit (D:7)
  5 slime creatures (D:9)
  4 hippogriffs
  Sigmund (D:2)
  A basilisk (D:7)
  A wyvern (D:8)
  4 yaks (D:7)
  2 wargs (D:7)
  An acid dragon (D:8)
  3 porcupines
  An ice beast (D:7)
  2 orc warriors (D:7)
  2 sky beasts
  A black bear (D:7)
  An ogre (D:6)
  4 centaurs
  4 crocodiles
  Blork the orc (D:5)
  4 bullfrogs
  A wyvern skeleton (D:8)
  7 scorpions
  4 wights (D:7)
  6 crimson imps
  A centaur zombie (Ossuary)
  A human zombie (Ossuary)
  3 jellies (D:8)
  10 orc wizards
  4 hounds
  6 orc priests
  4 iguanas
  6 worker ants
  Terence (D:2)
  A big kobold zombie (Ossuary)
  A hound zombie (D:6)
  3 mummies (Ossuary)
  A howler monkey zombie (D:7)
  4 gnolls
  3 adders
  6 scorpion zombies (Ossuary)
  2 shadow imps
  6 oozes
  2 adder zombies (D:6)
  An adder skeleton (D:7)
  4 dart slugs
  A worm (D:4)
  3 leopard geckos
  28 orcs
  2 giant cockroaches
  A gnoll zombie (Ossuary)
  5 hobgoblins
  8 jackals
  4 kobolds
  7 quokkas
  4 ball pythons
  5 bats
  2 frilled lizards
  3 goblin zombies
  2 hobgoblin zombies (Ossuary)
  A jackal skeleton (D:4)
  2 kobold zombies (Ossuary)
  3 orc zombies (Ossuary)
  7 rats
  A rat zombie (D:6)
230 creatures vanquished.

Vanquished Creatures (others)
  A big kobold (D:10)
  4 fungi (D:7)
  2 plants (D:7)
7 creatures vanquished.

Grand Total: 237 creatures vanquished

Notes
Turn   | Place    | Note
-------+----------+-------------------------------------------
     0 | D:1      | Chiseanne the Draconian Archaeologist began the quest for
                  | the Orb.
     0 | D:1      | Reached XP level 1. HP: 16/16 MP: 1/1
   269 | D:1      | Reached XP level 2. HP: 25/25 MP: 2/2
   798 | D:2      | Noticed Sigmund
   812 | D:2      | Gained mutation: Your tail ends in a poisonous barb.
                  | [potion of mutation]
   812 | D:2      | Gained mutation: You have sharp toenails. [potion of
                  | mutation]
   812 | D:2      | Gained mutation: You are agile. (Dex +2) [potion of
                  | mutation]
   941 | D:1      | Reached XP level 3. HP: 21/31 MP: 3/3
  1055 | D:1      | Reached skill level 1 in Evocations
  1268 | D:2      | Reached XP level 4. HP: 40/40 MP: 4/6
  1364 | D:2      | Noticed Terence
  1379 | D:2      | Killed Terence
  1653 | D:2      | Found a shimmering altar of Xom.
  1653 | D:2      | Found a white marble altar of Elyvilon.
  1654 | D:2      | Found a bloodstained altar of Trog.
  1656 | D:2      | Found a shattered altar of Ashenzari.
  1657 | D:2      | Found a glowing golden altar of the Shining One.
  1658 | D:2      | Found a sparkling altar of Nemelex Xobeh.
  1717 | D:2      | Killed Sigmund
  1717 | D:2      | Reached XP level 5. HP: 28/46 MP: 6/10
  2034 | D:3      | Reached XP level 6. HP: 52/52 MP: 11/11
  2096 | D:3      | Found an ornate altar of the Wu Jian Council.
  2728 | D:3      | Reached skill level 1 in Staves
  2920 | D:4      | Reached skill level 2 in Staves
  3182 | D:4      | Found Onyimu Niono's Assorted Antiques.
  3202 | D:4      | Your scales start taking on a lurid green colour.
  3202 | D:4      | Reached XP level 7. HP: 54/58 MP: 12/12
  3202 | D:4      | Gained mutation: Your system is resistant to poisons.
                  | (rPois) [Green Draconian growth]
  3390 | D:5      | Entered Level 5 of the Dungeon
  3398 | D:5      | Reached skill level 3 in Staves
  3427 | D:5      | Found a staircase to the Ecumenical Temple.
  3448 | Temple   | Entered the Ecumenical Temple
  3561 | Temple   | Upgraded the game from bcrawl-1.13-2-g5ca86534bc to
                  | bcrawl-1.13.1
  3563 | Temple   | Became a worshipper of Gozag Ym Sagoz the Greedy
  3686 | D:5      | Reached skill level 4 in Staves
  3804 | D:5      | Found a shadowy altar of Dithmenos.
  3867 | D:5      | Noticed Blork the orc
  3878 | D:5      | Killed Blork the orc
  3883 | D:5      | Reached skill level 5 in Staves
  4078 | D:4      | Bought a scroll of identify for 54 gold pieces
  4078 | D:4      | Bought a scroll of identify for 54 gold pieces
  4078 | D:4      | Bought a scroll of identify for 54 gold pieces
  4078 | D:4      | Bought a purple potion for 24 gold pieces
  4078 | D:4      | Bought an encrusted ivory wand for 108 gold pieces
  4588 | D:5      | Noticed a troll
  4594 | D:5      | Killed a troll
  4594 | D:5      | Reached skill level 6 in Staves
  4594 | D:5      | Reached XP level 8. HP: 30/66 MP: 13/13
  5077 | D:4      | Bought a scroll of teleportation for 81 gold pieces
  5153 | D:6      | Reached skill level 7 in Staves
  5312 | D:6      | Found a sand-covered staircase.
  5319 | Ossuary  | Entered an ossuary
  5386 | Ossuary  | Reached skill level 8 in Staves
  5590 | Ossuary  | Reached skill level 9 in Staves
  5621 | Ossuary  | Identified a scroll of acquirement
  5762 | D:6      | Found Qiczo's Food Emporium.
  5869 | D:6      | Noticed a two-headed ogre
  5880 | D:6      | Killed a two-headed ogre
  5880 | D:6      | Reached skill level 10 in Staves
  5880 | D:6      | Reached XP level 9. HP: 55/71 MP: 14/14
  6255 | D:7      | Reached skill level 11 in Staves
  6299 | D:7      | Reached skill level 12 in Staves
  6514 | D:7      | Noticed Prince Ribbit
  6527 | D:7      | Killed Prince Ribbit
  6527 | D:7      | Reached skill level 1 in Throwing
  6527 | D:7      | Reached XP level 10. HP: 60/78 MP: 15/15
  6886 | D:7      | Found a staircase to the Lair.
  7092 | D:7      | Reached skill level 5 in Fighting
  7190 | D:7      | Bought the +7 quarterstaff "Qaen" {flame, Dex+9 Stlth-} for
                  | 1000 gold pieces
  7714 | D:8      | Found a staircase to the Orcish Mines.
  7915 | D:8      | Found a viscous altar of Jiyva.
  7941 | D:8      | Noticed Erica
  7956 | D:8      | Killed Erica
  7956 | D:8      | Reached skill level 13 in Staves
  8283 | D:8      | Noticed Harold
  8305 | D:8      | Killed Harold
  8946 | D:9      | Reached XP level 11. HP: 82/86 MP: 16/16
  9330 | D:9      | Noticed a two-headed ogre
  9338 | D:9      | Noticed a two-headed ogre
  9338 | D:9      | Noticed an ogre mage
  9338 | D:9      | Noticed a two-headed ogre
  9357 | D:9      | Killed a two-headed ogre
  9357 | D:9      | Reached skill level 1 in Spellcasting
  9386 | D:9      | Noticed a two-headed ogre
  9402 | D:9      | Killed a two-headed ogre
  9408 | D:9      | Killed a two-headed ogre
  9408 | D:9      | Reached skill level 5 in Dodging
  9411 | D:9      | Killed a two-headed ogre
  9494 | D:9      | Killed an ogre mage
 10138 | D:10     | Entered Level 10 of the Dungeon
 10182 | D:10     | Noticed a cyclops
 10212 | D:10     | Hit by a large rock thrown by a cyclops

Skill      XL: |  1  2  3  4  5  6  7  8  9 10 11 |
---------------+----------------------------------+-----
Fighting       | 2 3 4 5 |  5.1
Evocations     | 2 7 |  7.7
Staves         | 2 6 10 12 13 | 13.9
Throwing       | 1 2 4 |  4.9
Dodging        | 3 4 5 |  5.8
Spellcasting   | 3 |  3.9
Maces & Flails | |  1.0
Stealth        | |  3.0

Action                   |  1- 3 |  4- 6 |  7- 9 | 10-12 || total
-------------------------+-------+-------+-------+-------++-------
Melee: Short sword       |    91 |    50 |       |       ||   141
       Whip              |    10 |       |       |       ||    10
       Tailslap          |     9 |    15 |    44 |    59 ||   127
       Staff             |       |    70 |   275 |    78 ||   423
       Quarterstaff      |       |       |       |   191 ||   191
Throw: Tomahawk          |       |       |       |    25 ||    25
Invok: Call Merchant     |       |       |     1 |     1 ||     2
 Abil: Breathe Noxious F |       |       |     1 |     4 ||     5
Evoke: Wand              |       |       |       |    13 ||    13
  Use: Scroll            |     5 |     3 |    12 |     5 ||    25
       Potion            |     2 |     1 |       |       ||     3
 Stab: Sleeping          |     3 |     4 |     5 |     6 ||    18
       Paralysed         |       |       |       |     5 ||     5
       Confused          |       |       |       |     8 ||     8
       Distracted        |       |       |       |     2 ||     2
  Eat: Chunk             |     1 |     6 |     1 |       ||     8
       Ration            |       |       |     4 |     4 ||     8
Armor: Skin              |    18 |    40 |    70 |    50 ||   178
Dodge: Dodged            |    52 |    68 |   136 |   132 ||   388
